 Dungeon Crawl Stone Soup version 0.19.5 (webtiles) character file.

100 Kosschaser the Sneak (level 4, 0/23 HPs)
             Began as a Vine Stalker Assassin on Mar 2, 2017.
             Slain by Grinder (4 damage)
             ... on level 3 of the Dungeon.
             The game lasted 00:06:08 (1773 turns).

Kosschaser the Sneak (Vine Stalker Assassin)        Turns: 1773, Time: 00:06:09

Health: 0/23       AC:  3    Str: 13    XL:     4   Next: 74%
Magic:  0/5        EV: 12    Int: 11    God:
Gold:   98         SH:  0    Dex: 17    Spells: 0 memorised, 3 levels left

rFire  . . .     SeeInvis .     a - +2 dagger
rCold  + . .     Gourm    .     c - +0 robe
rNeg   . . .     Faith    .     (no shield)
rPois  .         Spirit   +     (no helmet)
rElec  .         Reflect  .     d - +0 cloak
rCorr  .         Harm     .     (no gloves)
MR     .....                    (no boots)
Stlth  ++++......               (no amulet)
                                (no ring)
                                m - ring of protection from cold

@: no status effects
A: fangs 2, regeneration 1, magic shield, antimagic bite, no device heal 3, rot
immunity
a: no special abilities


You were on level 3 of the Dungeon.
You were hungry.

You visited 1 branch of the dungeon, and saw 3 of its levels.

You collected 98 gold pieces.

Inventory:

Hand Weapons
 a - a +2 dagger (weapon)
 b - a +0 blowgun
Missiles
 e - 20 poisoned needles
 f - a curare-tipped needle
Armour
 c - a +0 robe (worn)
 d - a +0 cloak (worn)
Jewellery
 m - a ring of protection from cold (left hand)
Scrolls
 h - 4 scrolls of identify {unknown}
 i - a scroll of blinking {unknown}
 n - a scroll of remove curse {unknown}
Potions
 j - a potion of ambrosia {unknown}
 k - 2 potions of mutation {unknown}
 l - a potion of brilliance {unknown}
 o - a potion of degeneration {unknown}
 q - a potion of heal wounds {unknown}
Comestibles
 g - 3 bread rations
 p - 2 fruits
 r - a meat ration


   Skills:
 + Level 2.1 Fighting
 + Level 2.0 Short Blades
 + Level 2.0 Throwing
 + Level 1.1 Dodging
 * Level 6.8 Stealth


You had 3 spell levels left.
You didn't know any spells.

Dungeon Overview and Level Annotations

Branches:
Dungeon (3/15)

Altars:

Annotations:
D:3 Grinder


Innate Abilities, Weirdness & Mutations

You have extremely sharp teeth.
Your natural rate of healing is unusually fast.
When hurt, damage is shared between your health and your magic reserves.
Your bite disrupts and absorbs the magic of your enemies.
Potions and wands cannot restore your health.
You are immune to rotting.


Message History

You hit Grinder.
Grinder is lightly wounded.
Grinder hits you.
You writhe in agony.
You hit Grinder. Your bite misses Grinder.
Grinder is lightly wounded.
Grinder gestures at you. Pain shoots through your body!
You closely miss Grinder. You bite Grinder.
Grinder's magic leaks into the air.
You drain her magic.
You feel invigorated.
Grinder is moderately wounded.
Grinder barely misses you.
You closely miss Grinder. You bite Grinder, but do no damage.
Grinder is moderately wounded.
Grinder misses you.
You hit Grinder but do no damage.
Grinder is moderately wounded.
Grinder hits you!
* * * LOW HITPOINT WARNING * * *
You writhe in agony.
You die...

#..##........
........(...# ..
....(..... ##.#
#........# ##..#
#........# #.#..#
#.†.......
##.#.#####........#
##.................#
##........@......##.#
......<.....5.....## .
##..........(....(....
#................#...
#..........).........
##......†.............
#.....................
#...............#.....
#........#......#....


You could see Grinder.

Vanquished Creatures
  3 adders (D:2)
  3 oozes
  4 worms (D:2)
  2 dart slugs
  2 leopard geckos (D:2)
  2 bats
  3 giant cockroaches
  2 goblins
  5 hobgoblins (D:2)
  3 jackals (D:2)
  4 kobolds
  A quokka (D:2)
  2 ball pythons
  4 frilled lizards
  5 rats
45 creatures vanquished.

Notes
Turn   | Place    | Note
-------+----------+-------------------------------------------
     0 | D:1      | Kosschaser the Vine Stalker Assassin began the quest for the Orb.
     0 | D:1      | Reached XP level 1. HP: 11/11 MP: 2/2
    22 | D:1      | Reached skill level 5 in Stealth
    39 | D:1      | Reached XP level 2. HP: 15/15 MP: 3/3
   389 | D:1      | You fall through a shaft!
   412 | D:2      | Reached skill level 6 in Stealth
   412 | D:2      | Reached XP level 3. HP: 17/18 MP: 4/4
  1021 | D:2      | Reached skill level 1 in Dodging
  1119 | D:2      | Gained mutation: Your natural rate of healing is unusually fast. [Vine Stalker growth]
  1119 | D:2      | Reached XP level 4. HP: 23/23 MP: 5/5
  1727 | D:3      | Noticed Grinder
  1738 | D:3      | Paralysed by Grinder for 4 turns
  1773 | D:3      | Slain by Grinder

Skill      XL: |  1  2  3  4 |
---------------+-------------+-----
Stealth        | 5 6 |  6.8
Fighting       | 2 |  2.1
Throwing       | 2 |  2.0
Dodging        | 1 |  1.1
Short Blades   | 2 |  2.0

Action                   |  1- 3 |  4- 6 || total
-------------------------+-------+-------++-------
Melee: Dagger            |    73 |    82 ||   155
       Bite              |    14 |    24 ||    38
 Fire: Blowgun           |       |    12 ||    12
 Stab: Sleeping          |    11 |     1 ||    12
       Distracted        |       |     1 ||     1
  Eat: Chunk             |       |     2 ||     2
Armor: Robe              |     7 |    24 ||    31
Dodge: Dodged            |    30 |    35 ||    65
